 Dungeon Crawl Stone Soup version 0.20-a0-1078-g4874019 (webtiles) character file.

1964 volk64 the Skirmisher (level 9, 0/77 HPs)
             Began as a Yellow Draconian Fighter on Apr 30, 2017.
             Was a Follower of Yredelemnul.
             Slain by feamirim's ghost (1 damage)
             ... on level 6 of the Dungeon.
             The game lasted 00:18:47 (5964 turns).

volk64 the Skirmisher (Yellow Draconian Fighter)    Turns: 5964, Time: 00:18:48

Health: 0/77       AC:  7    Str: 21    XL:     9   Next: 0%
Magic:  19/19      EV: 12    Int: 10    God:    Yredelemnul [*.....]
Gold:   380        SH:  0    Dex: 10    Spells: 7/8 levels left

rFire    + . .     SeeInvis .   j - +6 flail "Qojyprurgh" {vamp, *Contam rF+ MP+9}
rCold    + . .     Gourm    .   b - +0 shield
rNeg     . . .     Faith    +   (armour unavailable)
rPois    .         Spirit   .   (helmet restricted)
rElec    .         Reflect  .   g - scarf {rC+}
rCorr    +         Harm     .   (no gloves)
MR       +....                  (no boots)
Stlth    +.........             o - amulet of faith
Regen    0.3/turn               A - ring of protection from magic
MPRegen  0.2/turn               q - ring of flight

@: confused, lethally poisoned (0 -> -6), slowed, very slow
A: spit acid, acid resistance, unfitting armour, mutation resistance 1,
cold-blooded, AC +7
a: Breathe Acid, Animate Remains, Renounce Religion, Evoke Flight


You were on level 6 of the Dungeon.
You worshipped Yredelemnul.
Yredelemnul was aware of your devotion.
You were hungry.

You visited 1 branch of the dungeon, and saw 6 of its levels.

You collected 380 gold pieces.

Inventory:

Hand Weapons
 a - a +0 war axe
 e - a +0 hunting sling
 j - the +6 flail "Qojyprurgh" (weapon) {vamp, *Contam rF+ MP+9}
   (You found it on level 5 of the Dungeon)

   It inflicts no extra harm, but heals its wielder when it wounds a living foe.
   It protects you from fire.
   It affects your magic capacity (+9).
   It causes magical contamination when unequipped.
 w - a +2 mace of venom
 C - a +1 rapier of protection
Missiles
 c - a throwing net
 h - 89 stones (quivered)
Armour
 b - a +0 shield (worn)
 g - a scarf of cold resistance (worn)
Jewellery
 f - an uncursed ring of magical power {unknown}
 o - an amulet of faith (around neck)
 q - a ring of flight (right hand)
 A - a ring of protection from magic (left hand)
 E - a +6 ring of protection {unknown}
 K - an uncursed ring of magical power {unknown}
Scrolls
 k - 6 scrolls of remove curse
 n - 2 scrolls of recharging
 s - 2 scrolls of fear
 t - a scroll of immolation
 y - a scroll of teleportation
 F - a scroll of fog
 G - a scroll of identify
 H - a scroll of blinking {unknown}
Potions
 l - 2 potions of haste
 p - a potion of resistance
 u - 2 potions of might
 I - 2 potions of magic {unknown}
 J - a potion of degeneration {unknown}
Books
 r - a book of Callings

   Spells                             Type                      Level
   a - Summon Small Mammal            Summoning                    1
   b - Call Imp                       Summoning                    2
   c - Call Canine Familiar           Summoning                    3
   d - Summon Guardian Golem          Hexes/Summoning              3
   e - Summon Lightning Spire         Summoning/Air                4
   f - Summon Ice Beast               Ice/Summoning                4
 D - a book of Cantrips

   Spells                             Type                      Level
   a - Confusing Touch                Hexes                        1
   b - Animate Skeleton               Necromancy                   1
   c - Summon Small Mammal            Summoning                    1
   d - Apportation                    Translocation                1
Comestibles
 d - 6 bread rations
 m - a royal jelly
 v - 4 meat rations
 z - 4 fruits
 B - 5 chunks of flesh


   Skills:
 + Level 6.3 Fighting
 + Level 4.0(5.7) Axes
 + Level 6.3(6.9) Maces & Flails
 + Level 0.3 Slings
 + Level 5.0 Dodging
 + Level 2.7 Stealth
 + Level 5.4 Shields
 + Level 0.3 Spellcasting
 + Level 0.2 Summonings
 + Level 1.9 Invocations


You had 7 spell levels left.
You knew the following spells:

 Your Spells              Type           Power        Failure   Level  Hunger
a - Summon Small Mammal   Summ           #...         75%         1    ##.....


Dungeon Overview and Level Annotations

Branches:
Dungeon (6/15)             Temple (0/1) D:6

Altars:
Fedhas
Nemelex Xobeh
Okawaru
Sif Muna
Xom
Yredelemnul
The Shining One

Shops:
D:4 [   D:5 [

Annotations:
D:6 feamirim's ghost, novice OpWz


Innate Abilities, Weirdness & Mutations

You can spit globs of acid.
You are resistant to acid.
Your golden yellow scales are hard. (AC +7)
You cannot fit into any form of body armour.
You are cold-blooded and may be slowed by cold attacks.
You are somewhat resistant to further mutation.


Message History

You feel sick.
The freed slave misses feamirim's ghost.
The iron imp closely misses you.
It was a potion of ambrosia.
You are confused.
You feel invigorated.
* * * LOW HITPOINT WARNING * * *
You feel sick. Feamirim's ghost casts a spell at you.
The ball explodes into a vile cloud!
The stinking cloud engulfs you!
The stinking cloud engulfs the freed slave.
The stinking cloud engulfs feamirim's ghost.
Feamirim's ghost appears unharmed.
The stinking cloud engulfs the iron imp.
The iron imp appears unharmed.
The freed slave hits feamirim's ghost!
Feamirim's ghost hits you.
* * * LOW HITPOINT WARNING * * *
Feamirim's ghost freezes you.
You die...
Your body rises from the dead as a mindless zombie.

#.# .# #.# #.#
##.# #5. ##(#
#.# .#.# #[#
...# #.# .###
########.####.#
##
#......pW5..(.#
######
#.######@######
.....# #.# #ยง#
####.# #.# #.#
#.# #.# #.# #.#
#.# #.#
####.####.# #.#
..........# #.#
####......# #.#
#####.## #.#


You could see an iron imp, feamirim's ghost, a crimson imp and a neutral freed
slave.

Vanquished Creatures
  Pikel (D:6)
  Eustachio (D:6)
  A black bear (D:4)
  A phantom (D:6)
  An ice beast (D:6)
  An orc warrior (D:6)
  An ogre (D:5)
  2 centaurs (D:5)
  A bullfrog (D:6)
  A scorpion (D:5)
  A crimson imp (D:5)
  A jelly (D:6)
  2 orc priests
  A hound (D:6)
  5 worker ants
  5 orc wizards
  10 adders
  A shadow imp (D:5)
  2 oozes
  4 worms
  A dart slug (D:2)
  2 leopard geckos
  18 orcs
  8 bats
  3 giant cockroaches
  7 goblins
  11 hobgoblins
  3 jackals (D:2)
  2 quokkas (D:4)
  5 frilled lizards
  A jackal skeleton (D:4)
  8 kobolds
  7 rats
119 creatures vanquished.

Vanquished Creatures (collateral kills)
  An adder (D:5)
  2 orcs (D:5)
  A quokka (D:5)
  A quokka skeleton (D:5)
5 creatures vanquished.

Vanquished Creatures (others)
  2 slaves (D:6)
2 creatures vanquished.

Grand Total: 126 creatures vanquished

Notes
Turn   | Place    | Note
-------+----------+-------------------------------------------
     0 | D:1      | volk64 the Draconian Fighter began the quest for the Orb.
     0 | D:1      | Reached XP level 1. HP: 19/19 MP: 1/1
   448 | D:1      | Reached XP level 2. HP: 26/26 MP: 2/2
   778 | D:2      | Reached XP level 3. HP: 8/31 MP: 3/3
  1511 | D:2      | Reached XP level 4. HP: 40/40 MP: 4/4
  2623 | D:3      | Found a glowing golden altar of the Shining One.
  2791 | D:3      | Found a basalt altar of Yredelemnul.
  2794 | D:3      | Found a shimmering altar of Xom.
  2797 | D:3      | Found an iron altar of Okawaru.
  2800 | D:3      | Found a deep blue altar of Sif Muna.
  2822 | D:3      | Became a worshipper of Yredelemnul the Dark
  2873 | D:3      | Found a sparkling altar of Nemelex Xobeh.
  2894 | D:3      | Reached XP level 5. HP: 37/46 MP: 5/5
  3873 | D:4      | Noticed a black bear
  3880 | D:4      | Killed a black bear
  3880 | D:4      | Reached skill level 1 in Maces & Flails
  3880 | D:4      | Reached XP level 6. HP: 38/53 MP: 6/6
  3974 | D:4      | Gained mutation: You are somewhat resistant to further mutation. [potion of mutation]
  3979 | D:4      | Found Ewaok's Antique Armour Shop.
  4152 | D:4      | Reached skill level 1 in Stealth
  4341 | D:5      | Entered Level 5 of the Dungeon
  4611 | D:5      | Learned a level 1 spell: Summon Small Mammal
  4615 | D:5      | Your scales start taking on a golden yellow colour.
  4615 | D:5      | Reached XP level 7. HP: 60/60 MP: 3/7
  4908 | D:5      | Found a blossoming altar of Fedhas.
  4921 | D:5      | Reached * piety under Yredelemnul
  4953 | D:5      | Reached skill level 5 in Fighting
  5119 | D:5      | Found Aniovvy's Antique Armour Emporium.
  5377 | D:5      | Got a translucent flail
  5396 | D:5      | Identified the +6 flail "Qojyprurgh" {vamp, *Contam rF+ MP+9} (You found it on level 5 of the Dungeon)
  5568 | D:6      | Noticed Eustachio
  5572 | D:6      | Killed Eustachio
  5572 | D:6      | Reached XP level 8. HP: 68/68 MP: 8/8
  5601 | D:6      | Reached skill level 1 in Invocations
  5616 | D:6      | Found a staircase to the Ecumenical Temple.
  5786 | D:6      | Reached skill level 5 in Maces & Flails
  5923 | D:6      | Noticed Pikel
  5927 | D:6      | Reached skill level 5 in Shields
  5928 | D:6      | Noticed feamirim's ghost (novice OpWz)
  5939 | D:6      | Killed Pikel
  5951 | D:6      | Reached skill level 5 in Dodging
  5952 | D:6      | Reached XP level 9. HP: 15/77 MP: 10/10
  5961 | D:6      | HP: 5/115 [poisoned by an orc]
  5964 | D:6      | HP: 1/77 [feamirim's ghost (6)]
  5964 | D:6      | Slain by feamirim's ghost

Vault maps used:
D:1:      matt_arrival_diagonals, minmay_misc_feat_encased
D:2:      grunt_ministairs_11, minmay_misc_feat_square
D:3:      tso_altar, grunt_temple_overflow_cloverleaf,
          nemelex_lonely_heart_becter
D:4:      serial_shops, nicolae_shop_window_shopping, serial_glass,
          glass_columns_b, glass_columns_b, first_bread,
          minmay_goblin_kobold_house
D:5:      fedhas_bush_and_centaur_altar, serial_shops, shop_coins
D:6:      cheibrodos_iron_armory, minmay_temple_entry_grid, uniq_pikel,
          uniq_eustachio

Skill      XL: |  1  2  3  4  5  6  7  8 |
---------------+-------------------------+-----
Dodging        | 3 4 5 |  5.0
Axes           | 3 4 |  4.0
Fighting       | 4 5 6 |  6.3
Maces & Flails | 1 2 4 6 |  6.3
Stealth        | 1 2 |  2.7
Shields        | 4 5 |  5.4
Invocations    | 1 |  1.9
Slings         | |  0.3
Spellcasting   | |  0.3
Summonings     | |  0.2

Action                   |  1- 3 |  4- 6 |  7- 9 || total
-------------------------+-------+-------+-------++-------
Melee: War axe           |    99 |    93 |       ||   192
       Tailslap          |    10 |    12 |    15 ||    37
       Mace              |       |    82 |    48 ||   130
       Flail             |       |       |    57 ||    57
 Fire: Hunting sling     |     8 |       |       ||     8
Invok: Animate Remains   |       |       |     3 ||     3
 Abil: Breathe Acid      |       |       |     5 ||     5
  Use: Scroll            |     4 |     4 |       ||     8
       Potion            |       |     8 |     3 ||    11
 Stab: Sleeping          |       |     4 |     1 ||     5
  Eat: Chunk             |     2 |    10 |     4 ||    16
       Bread ration      |       |       |     1 ||     1
       Royal jelly       |       |       |     1 ||     1
Armor: Skin              |    26 |    43 |    28 ||    97
Dodge: Dodged            |    46 |    76 |    53 ||   175
Block: Shield            |    49 |    90 |    56 ||   195
